 Dungeon Crawl Stone Soup version 0.22-a0-587-g7d32d7c (webtiles) character file.

5047 sking99 the Basher (level 10, -10/96 HPs)
             Began as a Minotaur Fighter on July 4, 2018.
             Was an Initiate of Gozag.
             Mangled by a two-headed ogre
             ... wielding a +0 giant club
              (18 damage)
             ... on level 10 of the Dungeon.
             The game lasted 00:16:23 (8531 turns).

sking99 the Basher (Minotaur Fighter)               Turns: 8531, Time: 00:16:25

Health: -10/96     AC: 11    Str: 21    XL:     10   Next: 30%
Magic:  9/9        EV:  5    Int:  5    God:    Gozag
Gold:   366        SH:  9    Dex: 13    Spells: 9/9 levels left

rFire    . . .     SeeInvis .   a - +1 flail
rCold    . . .     Gourm    .   c - +0 shield
rNeg     . . .     Faith    .   o - +1 chain mail
rPois    +         Spirit   .   (helmet restricted)
rElec    .         Reflect  .   (no cloak)
rCorr    .         Harm     .   (no gloves)
MR       +....                  z - +0 pair of boots
Stlth    ..........             D - amulet of rage
HPRegen  0.26/turn              B - ring of poison resistance
MPRegen  0.11/turn              s - ring of protection from magic

@: no status effects
A: retaliatory headbutt, horns 2
a: Potion Petition, Call Merchant, Bribe Branch, Renounce Religion, Evoke
Berserk Rage


You were on level 10 of the Dungeon.
You worshipped Gozag.
Gozag was aware of your devotion.
You were not hungry.

You visited 2 branches of the dungeon, and saw 11 of its levels.

You collected 1408 gold pieces.
You paid 1042 gold pieces to Gozag.

Inventory:

Hand Weapons
 a - a +1 flail (weapon)
Armour
 c - a +0 shield (worn)
 o - a +1 chain mail (worn)
 z - a +0 pair of boots (worn)
Jewellery
 j - an uncursed ring of see invisible
 p - an uncursed ring of flight
 s - a ring of protection from magic (right hand)
 t - an uncursed ring of stealth
 x - an uncursed ring of fire
 B - a ring of poison resistance (left hand)
 D - an amulet of rage (around neck)
 E - an uncursed amulet of the acrobat
 F - an uncursed ring of protection from magic
Wands
 q - a wand of flame (36)
 u - a wand of scattershot (4)
 v - a wand of acid (4)
Scrolls
 b - 2 scrolls of magic mapping
 h - 2 scrolls of enchant armour
 i - a scroll of identify
 w - a scroll of enchant weapon
 y - 4 scrolls of teleportation
 A - 2 scrolls of remove curse
 C - 3 scrolls of immolation
Potions
 d - a potion of might
 e - a potion of brilliance
 g - a potion of ambrosia
 k - a potion of degeneration
 l - a potion of mutation
 m - 2 potions of agility
 n - a potion of curing
 r - 2 potions of lignification
Comestibles
 f - 2 rations


   Skills:
 + Level 11.5 Fighting
 - Level 14.0 Maces & Flails
 - Level 3.6 Armour
 - Level 3.6 Shields


You had 9 spell levels left.
You didn't know any spells.
Your spell library contained the following spells:

 Spells                   Type           Power        Failure   Level  Hunger
 Conjure Flame            Conj/Fire      #.......     100%        3    ####...
 Freezing Cloud           Conj/Ice/Air   #.........   100%        6    #######
 Mephitic Cloud           Conj/Pois/Air  #.......     100%        3    ####...
 Ring of Flames           Chrm/Fire      #.........   100%        7    #######
 Venom Bolt               Conj/Pois      #.........   100%        5    ######.
 Olgreb's Toxic Radiance  Pois           #.......     100%        4    #####..
 Sting                    Conj/Pois      #...         100%        1    ##.....
 Poisonous Vapours        Pois/Air       #.....       100%        2    ###....


Dungeon Overview and Level Annotations

Branches:
Dungeon (10/15)            Temple (1/1) D:6            Lair (0/6) D:9
    Orc: D:9-12

Altars:
Ashenzari
Cheibriados
Dithmenos
Elyvilon
Fedhas
Gozag
Hepliaklqana
Kikubaaqudgha
Makhleb
Nemelex Xobeh
Okawaru
Qazlal
Ru
Sif Muna
Trog
Uskayaw
Vehumet
Wu Jian
Xom
Yredelemnul
Zin
The Shining One

Shops:
D:7 }

Annotations:
D:8 Gastronok


Innate Abilities, Weirdness & Mutations

You reflexively headbutt those who attack you in melee.
You have a pair of horns on your head.


Message History

The hippogriff is heavily wounded.
The two-headed ogre hits you with a giant club!!
You block the two-headed ogre's attack.
You closely miss the hippogriff.
The hippogriff is heavily wounded.
The hippogriff bites you.
The hippogriff pecks you but does no damage.
The hippogriff claws you.
The two-headed ogre hits you with a giant club! x2
You hit the hippogriff.
The hippogriff is severely wounded.
The hippogriff barely misses you. The hippogriff completely misses you.
The hippogriff claws you but does no damage.
Your shield and chain mail prevent you from hitting the hippogriff.
The hippogriff is severely wounded.
The two-headed ogre hits you with a giant club!!
* * * LOW HITPOINT WARNING * * *
The two-headed ogre hits you with a giant club!!
You die...
Your body crumbles into a pile of gold.

.......................
.......................
.......................
#....................
#....<...............
#...######'####......
#...#.........#......
#..O#...).....#......
######..H@.........#......
.........#.........####...
.........#........... #...
.........#............#...
.........#............#...
.##++##..#............
#..#...........
#..#.......... #..#


You could see a two-headed ogre and a hippogriff.

Vanquished Creatures
  Pikel (D:5)
  A deep elf mage (D:8)
  2 hornets
  Grinder (D:5)
  A wyvern (D:9)
  Sigmund (D:5)
  2 porcupines (D:9)
  2 slaves (D:5)
  2 ice beasts
  An eye of draining (D:9)
  An orc warrior (D:9)
  2 sky beasts
  2 ogres
  4 centaurs
  2 bullfrogs
  A gnoll sergeant (D:5)
  A water moccasin zombie (D:7)
  3 scorpions
  7 killer bees
  4 wights (D:6)
  6 vampire bats (D:4)
  A bullfrog zombie (D:7)
  2 crimson imps
  2 centaur zombies
  3 hounds
  An orc priest (D:5)
  A bullfrog skeleton (D:5)
  4 orc wizards
  2 iguanas (D:9)
  7 worker ants
  A hound zombie (D:9)
  A hound skeleton (D:7)
  A worker ant zombie (D:5)
  12 gnolls
  10 adders
  A howler monkey skeleton (D:6)
  A shadow imp (D:6)
  3 oozes
  2 adder skeletons
  2 adder zombies
  2 worms
  3 dart slugs
  3 leopard geckos
  15 orcs
  7 giant cockroaches
  12 goblins
  11 hobgoblins
  12 jackals
  9 kobolds
  3 quokkas
  A ball python (D:3)
  13 bats
  3 frilled lizards (D:1)
  2 jackal zombies
  6 rats
206 creatures vanquished.

Notes
Turn   | Place    | Note
-------+----------+-------------------------------------------
     0 | D:1      | sking99 the Minotaur Fighter began the quest for the Orb.
     0 | D:1      | Reached XP level 1. HP: 19/19 MP: 0/0
    52 | D:1      | Reached skill level 3 in Maces & Flails
    65 | D:1      | Reached XP level 2. HP: 27/27 MP: 1/1
   508 | D:1      | Reached XP level 3. HP: 33/33 MP: 2/2
   577 | D:1      | Reached skill level 4 in Maces & Flails
  1054 | D:2      | Reached XP level 4. HP: 20/41 MP: 3/3
  1270 | D:2      | Noticed a bullfrog
  1275 | D:2      | Killed a bullfrog
  1275 | D:2      | Reached skill level 5 in Maces & Flails
  1275 | D:2      | Reached XP level 5. HP: 45/47 MP: 4/4
  1398 | D:2      | Reached skill level 5 in Fighting
  2167 | D:3      | Reached skill level 6 in Maces & Flails
  2581 | D:3      | Reached XP level 6. HP: 17/56 MP: 5/5
  3097 | D:4      | Found a radiant altar of Vehumet.
  3097 | D:4      | Found an opulent altar of Gozag.
  3097 | D:4      | Found a hide-covered altar of Uskayaw.
  3097 | D:4      | Found a deep blue altar of Sif Muna.
  3104 | D:4      | Found a blossoming altar of Fedhas.
  3104 | D:4      | Found a glowing golden altar of the Shining One.
  3123 | D:4      | Became a worshipper of Gozag Ym Sagoz the Greedy
  3565 | D:4      | Reached skill level 7 in Maces & Flails
  3585 | D:4      | Reached XP level 7. HP: 60/63 MP: 6/6
  3802 | D:5      | Entered Level 5 of the Dungeon
  3833 | D:5      | Noticed Grinder
  3847 | D:5      | Reached skill level 8 in Maces & Flails
  3851 | D:5      | Killed Grinder
  4000 | D:5      | Reached skill level 9 in Maces & Flails
  4218 | D:5      | Noticed Sigmund
  4232 | D:5      | Reached XP level 8. HP: 35/73 MP: 7/7
  4250 | D:5      | Killed Sigmund
  4609 | D:5      | Noticed Pikel
  4643 | D:5      | Killed Pikel
  4643 | D:5      | Reached skill level 10 in Maces & Flails
  4976 | D:6      | Reached skill level 11 in Maces & Flails
  5168 | D:6      | Noticed a hornet
  5175 | D:6      | Killed a hornet
  5175 | D:6      | Reached XP level 9. HP: 70/83 MP: 8/8
  5181 | D:6      | Found a staircase to the Ecumenical Temple.
  5188 | Temple   | Entered the Ecumenical Temple
  5687 | D:6      | Reached skill level 12 in Maces & Flails
  6460 | D:7      | Found Faommot's Gadget Emporium.
  6670 | D:8      | Reached skill level 10 in Fighting
  6681 | D:8      | Reached skill level 13 in Maces & Flails
  6878 | D:8      | Noticed a deep elf mage
  6880 | D:8      | Noticed a hellwing
  6888 | D:8      | Killed a deep elf mage
  7295 | D:8      | Noticed Gastronok
  7295 | D:8      | Noticed a two-headed ogre
  7318 | D:9      | Reached XP level 10. HP: 70/94 MP: 9/9
  7590 | D:9      | Reached skill level 14 in Maces & Flails
  8174 | D:9      | Found a staircase to the Lair.
  8457 | D:10     | Entered Level 10 of the Dungeon
  8500 | D:10     | Noticed a two-headed ogre
  8531 | D:10     | Mangled by a two-headed ogre

Vault maps used:
D:1:      mrwooster_arrival_statue_2
D:3:      first_ration, kennysheep_path_1
D:4:      minmay_overflow_temple_hex, roderic_batcave
D:5:      kennysheep_dice, uniq_sigmund, uniq_pikel, uniq_grinder
D:6:      temple_statues
D:7:      serial_shops, shop
D:8:      uniq_gastronok
D:9:      grunt_lair_entry_orc_guard_hut
Temple:   nicolae_temple_elliptical

Skill      XL: |  1  2  3  4  5  6  7  8  9 10 |
---------------+-------------------------------+-----
Maces & Flails | 3 4 5 6 7 9 11 13 14 | 14.0
Fighting       | 4 5 6 7 9 10 11 | 11.5
Armour         | |  3.6
Shields        | |  3.6

Action                   |  1- 3 |  4- 6 |  7- 9 | 10-12 || total
-------------------------+-------+-------+-------+-------++-------
Melee: Flail             |   120 |   148 |   288 |    95 ||   651
       Headbutt          |    14 |    29 |    59 |    20 ||   122
Invok: Potion Petition   |       |       |     2 |     1 ||     3
  Use: Scroll            |       |    11 |     3 |     4 ||    18
       Potion            |       |       |     1 |       ||     1
 Stab: Invisible         |       |       |     2 |       ||     2
  Eat: Chunk             |     1 |     7 |       |       ||     8
       Ration            |       |       |     4 |     1 ||     5
Armor: Scale mail        |    64 |     7 |       |       ||    71
       Chain mail        |       |    62 |   106 |    44 ||   212
Dodge: Dodged            |    44 |    31 |    43 |    30 ||   148
Block: Shield            |    61 |    80 |    93 |    40 ||   274

Table legend:
 A = Spawn XP
 B = Non-spawn XP
 C = Spawn XP percentage of total XP
 D = Spawn monster count
 E = Non-spawn monster count
 F = Spawn count percentage of total count
 G = Total turns spent on level
                    A         B        C        D         E        F      G
               +---------+---------+-------+---------+---------+-------+---------
         Total |       0 |    7210 |   0.0 |       0 |     204 |   0.0 |  8531
               +---------+---------+-------+---------+---------+-------+---------
           D:1 |       0 |      74 |   0.0 |       0 |      34 |   0.0 |   900
           D:2 |       0 |     157 |   0.0 |       0 |      28 |   0.0 |   864
           D:3 |       0 |     179 |   0.0 |       0 |      29 |   0.0 |  1282
           D:4 |       0 |     397 |   0.0 |       0 |      17 |   0.0 |   756
           D:5 |       0 |    1491 |   0.0 |       0 |      20 |   0.0 |  1133
           D:6 |       0 |    1062 |   0.0 |       0 |      22 |   0.0 |   799
           D:7 |       0 |     927 |   0.0 |       0 |      20 |   0.0 |   766
           D:8 |       0 |    1051 |   0.0 |       0 |       6 |   0.0 |   647
           D:9 |       0 |    1856 |   0.0 |       0 |      26 |   0.0 |  1149
          D:10 |       0 |      16 |   0.0 |       0 |       2 |   0.0 |    74
               +---------+---------+-------+---------+---------+-------+---------
